 Dungeon Crawl Stone Soup version 0.32-a0-468-g38b2580584 (webtiles) character file.

Game seed: 2916774991615057327

58086 Flugkiller the Nimble (level 13, -5/92 (95) HPs)
             Began as an Octopode Shapeshifter on Feb 24, 2024.
             Was the Champion of Ru.
             Killed from afar by Jorgrun (31 damage)
             ... with a blast of rock fragments
             ... on level 14 of the Dungeon.
             The game lasted 00:33:31 (25792 turns).

Flugkiller the Nimble (Octopode Shapeshifter)      Turns: 25792, Time: 00:33:31

HP:   -5/92 (95)    AC:  1    Str: 13    XL:     13   Next: 89%
MP:   13/13         EV: 25    Int: 22    God:    Ru [******]
Gold: 1479          SH:  0    Dex: 15    Spells: 12/12 levels left

rFire   . .          .
                       - Unarmed
rCold   + + .        (shield currently unavailable)
rNeg    + . .        (helmet restricted)
rPois   .            M - amulet of Ojaf {Faith +Blink rC+ Regen+ Int+4}
rElec   .            i - ring of see invisible
rCorr   +            b - +6 ring of intelligence
SInv    +            p - ring of protection from cold
Will    +....        z - ring of positive energy
Stlth   +            I - ring of flight
HPRegen 1.15/turn    H - ring of resist corrosion
MPRegen 0.13/turn    m - ring of willpower
                     (no ring)

%: faith
@: flux-form, flying, glowing, studying Ranged Weapons, lightly drained
A: glow, contaminating, almost no armour, amphibious, 8 rings, camouflage 1,
weak 1, gelatinous body 1, inability to read after injury 2, inability to use
devices, no fire magic, no alchemy magic, no summoning magic, inexperienced 1,
(nimble swimmer 1), tentacles
a: Begin Untransformation, Renounce Religion, Draw Out Power, Power Leap,
Apocalypse


You were on level 14 of the Dungeon.
You worshipped Ru.
Ru was exalted by your worship.
You were something dangerously unstable.
You visited 2 branches of the dungeon, and saw 19 of its levels.
You also visited: Gauntlet.

You collected 1479 gold pieces.

Inventory:

Hand Weapons
 x - a +2 dagger of venom
   (You took it off an orc on level 3 of the Dungeon)
Missiles
 o - 38 poisoned darts (quivered)
 u - 5 curare-tipped darts
 y - 3 throwing nets
Jewellery
 b - a +6 ring of intelligence (right tentacle)
   (You found it on level 8 of the Dungeon)
 f - a ring of protection from fire
   (You took it off a wight on level 13 of the Dungeon)
 i - a ring of see invisible (left tentacle)
   (You found it on level 6 of the Dungeon)
 m - a ring of willpower (on tentacle)
   (You found it on level 13 of the Dungeon)
 p - a ring of protection from cold (on tentacle)
   (You found it on level 11 of the Dungeon)
 z - a ring of positive energy (on tentacle)
   (You found it on level 1 of the Lair of Beasts)
 C - a ring of ice
   (You found it on level 2 of the Lair of Beasts)
 G - a ring of wizardry
   (You found it on level 3 of the Lair of Beasts)
 H - a ring of resist corrosion (on tentacle)
   (You found it on level 3 of the Lair of Beasts)
 I - a ring of flight (on tentacle)
   (You found it on level 4 of the Lair of Beasts)
 M - the amulet of Ojaf (around mantle) {Faith +Blink rC+ Regen+ Int+4}
   (You found it in a Gauntlet)

   [amulet of faith]

   Faith:     It allows you to gain divine favour quickly.
   Int+4:     It affects your intelligence (+4).
   rC+:       It protects you from cold.
   +Blink:    It lets you blink.
   Regen+:    It increases your rate of health regeneration.
Talismans
 c - a flux talisman (active)
 v - a maw talisman
   (You found it on level 7 of the Dungeon)
Scrolls
 g - 4 scrolls of silence
 j - 2 scrolls of revelation
 n - 4 scrolls of enchant weapon
 r - a scroll of fear
 t - 2 scrolls of teleportation
 w - a scroll of butterflies {unknown}
 B - a scroll of vulnerability
 D - a scroll of brand weapon
 E - 4 scrolls of fog
 L - a scroll of enchant armour
 N - 5 scrolls of immolation
Potions
 a - 2 potions of lignification
 d - 6 potions of might
 e - 2 potions of mutation
 h - 3 potions of ambrosia
 k - a potion of magic
 l - 3 potions of attraction
 q - 11 potions of curing
 s - a potion of haste {unknown}
 A - 4 potions of enlightenment
 F - 2 potions of brilliance
 J - a potion of berserk rage {unknown}
 K - a potion of invisibility {unknown}
 O - a potion of cancellation {unknown}


   Skills:
 - Level 11.0 Fighting
 - Level 14.4 Dodging
 - Level 2.0 Stealth
 - Level 13.0 Unarmed Combat
 + Level 13.2 Shapeshifting


You had 12 spell levels left.
You didn't know any spells.
Your spell library contained the following spells:

 Spells                   Type           Power      Damage    Failure   Level
 Apportation              Tloc           0%         N/A       17%         1
 Freeze                   Ice            0%         1d3       17%         1
 Sandblast                Erth           0%         2d4       17%         1
 Shock                    Conj/Air       0%         1d3       17%         1
 Ensorcelled Hibernation  Hex/Ice        0%         N/A       26%         2
 Jinxbite                 Hex            0%         N/A       26%         2
 Lesser Beckoning         Tloc           0%         N/A       26%         2
 Frozen Ramparts          Ice            0%         1d1       45%         3
 Fugue of the Fallen      Necr           0%         N/A       45%         3
 Gell's Gravitas          Tloc           0%         N/A       45%         3
 Hailstorm                Conj/Ice       0%         3d5       45%         3
 Passwall                 Erth           0%         N/A       45%         3
 Stone Arrow              Conj/Erth      0%         3d7       45%         3
 Swiftness                Air            0%         N/A       45%         3
 Teleport Other           Tloc           0%         N/A       45%         3
 Airstrike                Air            0%         2d(0-16)  86%         4
 Anguish                  Hex/Necr       0%         N/A       86%         4
 Brom's Barrelling Bould  Conj/Erth      0%         2d3       86%         4
 Alistair's Intoxication  Alch           Unusable   N/A       N/A         5

Dungeon Overview and Level Annotations

Branches:
Dungeon (14/15) Zot: 26744  Temple (0/1) D:4            Lair (5/5) D:8 Zot: 23487
 Shoals (0/4) Lair:3       Spider (0/4) Lair:2        Slime (0/5) Lair:5
    Orc (0/2) D:9          Vaults (0/5) D:14        Gauntlet (visited)

Altars:
Gozag
Okawaru
Ru
Uskayaw

Shops:
D:9 *

Annotations:
D:5 exclusion: water moccasin
D:14 Jorgrun
Lair:1 1 runed translucent door, utilitronium's ghost, journeyman MiBe
Lair:5 exclusions: 3 doors and oklob plant


Innate Abilities, Weirdness & Mutations

You are something dangerously unstable.
You glow with magical radiation, making you easy to see and hit.
Foes you strike become dangerously contaminated with magical radiation.
You are incapable of wielding weapons or throwing items.
You cannot wear most types of armour.
You are amphibious.
You can wear up to eight rings at the same time.
Your skin changes colour to match your surroundings (Stealth+).
You are weak. (Str -2)
Your rubbery body absorbs attacks. (AC +1, EV +1)
You sometimes lose the ability to read scrolls when taking damage.
You cannot study or use magical devices.
You cannot study or cast Fire magic.
You cannot study or cast Alchemy magic.
You cannot study or cast Summoning magic.
You are somewhat inexperienced. (-1 XL)
((You are camouflaged when in or above water. (Stealth+)))
You have tentacles for arms and can constrict up to eight enemies at once.


Message History

You feel threatened and lose the ability to read scrolls!
You tentacle-slap the red ugly thing but do no damage.
The red ugly thing shudders as magic cascades through it!!
You kill the red ugly thing!
Things that are here:
a +0 leather armour; a +0 dire flail; an ugly thing corpse
There is a stone staircase leading down, spattered with blood here.
You start resting.
You can read scrolls again.
You fly downwards.
Jorgrun gestures at the rock wall while chanting.
Some rock shatters into small pieces.
There is a stone staircase leading up, spattered with blood here.
There are monsters nearby!
There are monsters nearby!
Unknown command.
Jorgrun gestures next to you while chanting.
The wall shatters!
The blast of rock fragments hits you!!
You hear a shout!
You hear two shouts!
You fly upwards.
There is a stone staircase leading down, spattered with blood here.
You start resting.
HP restored.
There is a stone staircase leading down here.
You fly downwards.
Level annotation: Jorgrun
There is a stone staircase leading up here.
A centaur warrior comes into view.
The centaur warrior shouts!
The centaur warrior wields a +0 orcbow.
The centaur warrior shoots an arrow.
The arrow barely misses you.
A centaur warrior is nearby!
Unknown command.
The centaur warrior shoots an arrow.
The arrow hits you!!
You hear a grinding noise.
The centaur warrior shoots an arrow.
The arrow hits you!
The centaur warrior shoots an arrow.
The arrow completely misses you.
Found an escape hatch in the ceiling.
The centaur warrior shoots an arrow.
The arrow hits you!!
You are too injured to fight recklessly!
The centaur warrior shoots an arrow.
The arrow hits you!!
* * * LOW HITPOINT WARNING * * *
You hear a grinding noise.
You are too injured to fight recklessly!
You bludgeon the centaur warrior!
The centaur warrior begins to glow.
You squeeze the centaur warrior.
The centaur warrior is lightly wounded.
The centaur warrior unwields a +0 orcbow.
The centaur warrior closely misses you.
The centaur warrior completely misses you.
You bludgeon the centaur warrior!
The centaur warrior glows dangerously bright.
The centaur warrior is moderately wounded.
The centaur warrior completely misses you.
The centaur warrior kicks you.
* * * LOW HITPOINT WARNING * * *
You are restored by drawing out deep reserves of power within.
You feel drained.
You hear a grinding noise.
The centaur warrior hits you! The centaur warrior closely misses you.
You barely miss the centaur warrior. You squeeze the centaur warrior.
The centaur warrior is moderately wounded.
The centaur warrior hits you! The centaur warrior kicks you.
You bludgeon the centaur warrior!
The centaur warrior shudders as magic cascades through it.
The centaur warrior twists and deforms.
The centaur warrior is heavily wounded.
The centaur warrior hits you! The centaur warrior kicks you.
You tentacle-slap the centaur warrior.
The centaur warrior begins to glow.
The centaur warrior is severely wounded.
The centaur warrior is stunned by your conviction and fails to attack.
You hear a grinding noise.
The centaur warrior barely misses you. The centaur warrior misses you.
You tentacle-slap the centaur warrior.
The centaur warrior glows dangerously bright.
The centaur warrior is severely wounded.
The centaur warrior barely misses you.
The centaur warrior completely misses you.
You tentacle-slap the centaur warrior.
The centaur warrior shudders as magic cascades through it!
The centaur warrior twists and deforms.
The centaur warrior is almost dead.
The centaur warrior hits you but does no damage.
The centaur warrior kicks you.
You bludgeon the centaur warrior!
You kill the centaur warrior!
You hear a grinding noise.
You see here a +0 orcbow.
You hear a grinding noise.
Jorgrun shouts!
Jorgrun points next to you and mumbles some strange words.
The wall shatters!
The blast of rock fragments hits you!!
* * * LOW HITPOINT WARNING * * *
You hear two shouts!
There is an escape hatch in the ceiling here.
You feel less exhausted. Jorgrun casts a spell next to you.
The wall shatters!
The blast of rock fragments hits you!!
You die...
Ru respects your ultimate sacrifice.

.g# #.# #.# #.# #..# #.#
#..# #.# #..# #..##.#
#..# #..##p# #..#
#..##.# #..# #..##.#
#..# #..##.# ### #.<#
#..##.# .##
.....#..###.....###.....
................).......
########################


You could see Jorgrun.

Vanquished Creatures
  An ironbound preserver (D:13)
  A minotaur (Gauntlet)
  An entropy weaver (D:14)
  4 hydras
  Harold (Lair:1)
  A catoblepas (Lair:4)
  A death knight (D:12)
  3 centaur warriors
  5 death yaks (Lair:1)
  5 two-headed ogres
  Sonja (D:10)
  2 skysharks (Lair:4)
  Lodul (D:10)
  A skeletal warrior (D:13)
  An arcanist (Gauntlet)
  Pikel (D:8)
  A deep elf pyromancer (D:12)
  4 ugly things
  A necromancer (D:13)
  2 wolf spider zombies (D:13)
  A cyclops (D:13)
  A manticore (D:13)
  A black mamba (Lair:4)
  A rust devil (D:9)
  Joseph (D:8)
  8 centaur zombies (D:13)
  5 elephants (Lair:5)
  A water nymph (Lair:3)
  10 cane toads
  A gargoyle (D:12)
  2 torpor snails
  4 centaur skeletons (D:13)
  A kobold demonologist (D:13)
  A rime drake (shapeshifter) (D:13)
  An unseen horror (D:10)
  A yaktaur (D:10)
  2 rime drakes
  An ice devil (D:9)
  4 komodo dragons
  A polar bear (Lair:5)
  4 trolls
  A hornet (Lair:2)
  A hellwing (D:9)
  19 blink frogs
  A meliai zombie (D:13)
  3 dream sheep (Lair:2)
  2 centaur simulacra (Gauntlet)
  A yak (shapeshifter) (D:14)
  6 wyverns
  A vampire (D:11)
  A ynoxinul (D:9)
  4 shadows
  5 wraiths
  40 yaks
  Grum (D:8)
  3 basilisks
  A steam dragon (D:8)
  2 vampire mosquitoes (D:11)
  Menkaure (D:6)
  2 acid dragons
  9 water moccasins
  4 laughing skulls (D:13)
  7 orc warriors
  8 ice beasts
  A hornet zombie (D:13)
  2 black bears
  10 ogres
  19 wolves
  2 lemures (D:8)
  3 kobold brigands
  4 scorpions
  17 bullfrogs
  8 wights
  A hornet simulacrum (Gauntlet)
  13 killer bees
  3 howler monkeys
  2 electric eels (D:6)
  A quasit (D:9)
  2 hounds
  2 bombardier beetles
  5 orc priests
  A jelly (D:4)
  4 iguanas
  10 orc wizards
  3 gnolls (D:2)
  9 adders
  2 white imps
  3 dart slugs
  5 ribbon worms
  30 orcs
  7 endoplasms
  3 giant cockroaches
  6 goblins
  A hobgoblin (D:2)
  6 jackals
  4 quokkas
  4 ball pythons
  3 bats (D:3)
  7 frilled lizards
  13 kobolds
  2 rats
431 creatures vanquished.

Vanquished Creatures (others)
  A komodo dragon (Lair:1)
  A redback zombie (D:13)
  2 trolls
4 creatures vanquished.

Grand Total: 435 creatures vanquished

Notes
Turn   | Place    | Note
-------+----------+-------------------------------------------
     0 | D:1      | Flugkiller the Octopode Shapeshifter began the quest for
                  | the Orb.
     0 | D:1      | Reached XP level 1. HP: 13/13 MP: 1/1
   262 | D:1      | Found a faded altar of an unknown god.
   267 | D:1      | Prayed at the altar of an unknown god.
   267 | D:1      | Became a worshipper of Ru the Awakened
   279 | D:1      | Gained mutation: You cannot study or use magical devices.
                  | [Ru sacrifice]
   279 | D:1      | Reached * piety under Ru
   279 | D:1      | Reached ** piety under Ru
   297 | D:1      | Reached skill level 1 in Stealth
   698 | D:2      | Reached XP level 2. HP: 15/18 MP: 2/2
  1409 | D:2      | Reached XP level 3. HP: 20/24 MP: 3/3
  1705 | D:3      | Reached XP level 4. HP: 29/29 MP: 4/4
  2107 | D:3      | Gained mutation: You cannot study or cast Fire magic. [Ru
                  | sacrifice]
  2107 | D:3      | Gained mutation: You cannot study or cast Alchemy magic.
                  | [Ru sacrifice]
  2107 | D:3      | Gained mutation: You cannot study or cast Summoning magic.
                  | [Ru sacrifice]
  2107 | D:3      | Reached *** piety under Ru
  2313 | D:3      | Reached skill level 3 in Dodging
  2792 | D:4      | Reached XP level 5. HP: 29/34 MP: 5/5
  2819 | D:4      | Reached skill level 4 in Dodging
  2908 | D:4      | Found a staircase to the Ecumenical Temple.
  3000 | D:4      | Noticed a kobold brigand
  3368 | D:5      | Entered Level 5 of the Dungeon
  3568 | D:4      | Reached XP level 6. HP: 36/39 MP: 6/6
  3591 | D:4      | Reached skill level 5 in Dodging
  3843 | D:5      | Noticed a water moccasin
  3854 | D:5      | Reached XP level 7. HP: 27/46 MP: 7/7
  4017 | D:5      | Found a hide-covered altar of Uskayaw.
  4458 | D:5      | Reached skill level 5 in Unarmed Combat
  5810 | D:4      | Reached XP level 8. HP: 42/53 MP: 8/8
  5872 | D:6      | Noticed Menkaure
  5946 | D:6      | Reached skill level 5 in Shapeshifting
  6109 | D:6      | Gained mutation: You are weak. (Str -2) [Ru sacrifice]
  6109 | D:6      | Reached **** piety under Ru
  6533 | D:6      | Identified the +13 chain mail of Viny Liberty {Int+2}
  6726 | D:6      | Reached skill level 6 in Dodging
  6955 | D:6      | Killed Menkaure
  7127 | D:6      | Reached skill level 7 in Dodging
  7127 | D:6      | Reached XP level 9. HP: 45/58 MP: 9/9
  8058 | D:7      | Found an opulent altar of Gozag.
  8058 | D:7      | Found an iron altar of Okawaru.
  8571 | D:8      | Noticed Joseph
  9017 | D:8      | Reached skill level 5 in Fighting
  9259 | D:7      | Reached skill level 8 in Dodging
  9413 | D:8      | Noticed Grum
  9585 | D:7      | Reached skill level 9 in Dodging
  9887 | D:8      | Killed Grum
 10199 | D:8      | Reached XP level 10. HP: 65/66 MP: 10/10
 10673 | D:8      | Gained mutation: You are somewhat inexperienced. (-1 XL)
                  | [Ru sacrifice]
 10673 | D:8      | Reached XP level 9. HP: 61/61 MP: 9/9
 10673 | D:8      | Reached ***** piety under Ru
 10675 | D:8      | Found a staircase to the Lair.
 10701 | D:8      | Noticed Pikel
 10722 | D:8      | Killed Pikel
 10886 | D:8      | Reached skill level 10 in Shapeshifting
 11549 | D:9      | Found Wogypyfar's General Store.
 11996 | D:8      | Killed Joseph
 12218 | D:9      | Reached XP level 10. HP: 51/68 MP: 1/10
 12317 | D:9      | Reached skill level 10 in Dodging
 12317 | D:9      | Noticed a two-headed ogre
 12775 | D:9      | Killed a two-headed ogre
 13100 | D:9      | Reached skill level 11 in Dodging
 13368 | D:9      | Found a staircase to the Orcish Mines.
 13475 | D:10     | Entered Level 10 of the Dungeon
 13922 | D:10     | Gained mutation: You occasionally lose the ability to read
                  | scrolls when taking damage. [Ru sacrifice]
 13922 | D:10     | Gained mutation: You sometimes lose the ability to read
                  | scrolls when taking damage. [Ru sacrifice]
 13922 | D:10     | Reached ****** piety under Ru
 14037 | D:10     | Noticed Lodul
 14053 | D:10     | Killed Lodul
 14192 | D:10     | Noticed Sonja
 14201 | D:10     | Killed Sonja
 15019 | D:11     | Reached XP level 11. HP: 46/77 MP: 11/11
 15465 | D:11     | Noticed a two-headed ogre
 15484 | D:11     | Killed a two-headed ogre
 15535 | D:11     | Noticed a two-headed ogre
 15545 | D:11     | Killed a two-headed ogre
 15935 | Lair:1   | Entered Level 1 of the Lair of Beasts
 16029 | Lair:1   | Noticed Harold
 16030 | Lair:1   | Killed Harold
 16031 | Lair:1   | Reached skill level 12 in Dodging
 16206 | Lair:1   | Found a runed translucent door.
 16207 | Lair:1   | Noticed utilitronium's ghost (journeyman MiBe)
 16551 | Lair:1   | Noticed a death yak
 16669 | Lair:1   | Killed a death yak
 17024 | Lair:1   | Noticed a death yak
 17025 | Lair:1   | Noticed a death yak
 17027 | Lair:1   | Noticed a death yak
 17045 | Lair:1   | Killed a death yak
 17046 | Lair:1   | Reached skill level 10 in Unarmed Combat
 17046 | Lair:1   | Noticed a death yak
 17051 | Lair:1   | Killed a death yak
 17055 | Lair:1   | Killed a death yak
 17056 | Lair:1   | Reached skill level 13 in Dodging
 17061 | Lair:1   | Killed a death yak
 17679 | Lair:2   | Reached XP level 12. HP: 85/85 MP: 12/12
 17689 | Lair:2   | Reached skill level 14 in Dodging
 18553 | Lair:2   | Found a hole to the Spider Nest.
 19528 | Lair:3   | Found a staircase to the Shoals.
 20380 | Lair:3   | Reached skill level 10 in Fighting
 21455 | Lair:5   | Entered Level 5 of the Lair of Beasts
 21936 | Lair:5   | Found a staircase to the Slime Pits.
 22154 | Lair:5   | Noticed a dire elephant
 22154 | Lair:5   | Noticed a dire elephant
 22154 | Lair:5   | Noticed a dire elephant
 22251 | Lair:5   | Reached XP level 13. HP: 70/85 MP: 2/13
 23779 | D:12     | Identified the +0 robe "Pusojats" {rElec}
 23863 | D:13     | Found a gate leading to a gauntlet.
 23872 | Gauntlet | Entered a Gauntlet
 23872 | Gauntlet | Found a transporter.
 23880 | Gauntlet | Found a transporter.
 23881 | Gauntlet | Found a transporter.
 23892 | Gauntlet | Found a transporter.
 23895 | Gauntlet | Found a transporter.
 23903 | Gauntlet | Found a transporter.
 23924 | Gauntlet | Found a transporter.
 23935 | Gauntlet | Found a transporter.
 23947 | Gauntlet | Found a transporter.
 23968 | Gauntlet | Found a transporter.
 23981 | Gauntlet | Found a transporter.
 23981 | Gauntlet | Found a transporter.
 24030 | Gauntlet | Found a transporter.
 24044 | Gauntlet | Found a transporter.
 24308 | Gauntlet | Identified the amulet of Ojaf {Faith +Blink rC+ Regen+
                  | Int+4}
 25530 | D:14     | Noticed an ironbound preserver
 25550 | D:13     | Killed an ironbound preserver
 25564 | D:14     | Found a gate to the Vaults.
 25680 | D:14     | Noticed Jorgrun
 25792 | D:14     | Killed from afar by Jorgrun

Illustrated notes

Levels and vault maps discovered:
D:1:      hellmonk_arrival_library, layout_basic,
          shapermc_ecumenical_altar_petra
D:2:      cheibrodos_old_hovel, layout_basic, kennysheep_another_room
D:3:      minmay_general_purpose_star, layout_basic
D:4:      layout_loops_corners, temple_fountains, serial_rivers,
          chequers_serial_rivers_room_a, chequers_serial_rivers_micro_d,
          chequers_serial_rivers_room_a, chequers_serial_rivers_micro_d,
          chequers_serial_rivers_small_a, chequers_serial_rivers_large_b
D:5:      layout_cave_pools, mainiacjoe_overflow_cross_hatched
D:6:      layout_loops_corners, serial_bayou_lagoon_b, uniq_menkaure
D:7:      layout_loops_ring, nicolae_overflow_two_pavilions,
          minmay_misc_feat_tiny
D:8:      layout_gridville, hellmonk_lair_entry_icy, uniq_grum, uniq_pikel,
          uniq_joseph
D:9:      layout_irregular_city, david_orc_4, serial_demonic, serial_demonic_e,
          serial_demonic_g, serial_demonic_d, serial_demonic_f, serial_shops,
          nicolae_shop_tiny_glass, minmay_misc_feat_ornament
D:10:     layout_layer_cave, minmay_sticks_and_stones, uniq_sonja, uniq_lodul
D:11:     layout_roguey, kennysheep_generic_room_8
D:12:     layout_roguey
D:13:     hangedman_screamer, layout_long_grid, gauntlet_entry_generic,
          kennysheep_generic_room_15
D:14:     layout_long_grid, hellmonk_vaults_order_and_chaos,
          kennysheep_kite_vault, uniq_jorgrun
Lair:1:   layout_regular_city, gammafunk_ghost_grave, uniq_harold
Lair:2:   layout_loops_ring, spider_nest_entry_web_field
Lair:3:   layout_hall_layers, nicolae_shoals_entry_flooding,
          guppyfry_lair_drakes, lemuel_fruit_fields
Lair:4:   layout_long_grid, chequers_serial_rivers_room_b
Lair:5:   due_jungle_book, layout_loops_ring, minmay_slime_entry_oklob_open

Skill      XL: |  1  2  3  4  5  6  7  8  9 10 11 12 13 |
---------------+----------------------------------------+-----
Stealth        | 2 |  2.0
Fighting       | 2 3 4 6 7 9 10 11 | 11.0
Unarmed Combat | 4 5 6 8 10 11 13 | 13.0
Dodging        | 3 4 5 7 9 11 13 14 | 14.4
Shapeshifting  | 4 6 10 9 11 13 | 13.2

Action                     |  1- 3 |  4- 6 |  7- 9 | 10-12 | 13-15 || total
---------------------------+-------+-------+-------+-------+-------++-------
  Melee: Unarmed           |    61 |   100 |   316 |   741 |   314 ||  1532
         Tentacles         |     9 |    30 |    88 |   229 |   124 ||   480
         Constrict         |    15 |    24 |    58 |   105 |    27 ||   229
         Punch             |     2 |     6 |    11 |       |       ||    19
  Throw: Dart              |       |     2 |       |       |       ||     2
 Invoke: Sacrifice Artific |     1 |       |       |       |       ||     1
         Sacrifice Arcana  |       |     1 |       |       |       ||     1
         Draw Out Power    |       |     1 |     3 |     4 |     2 ||    10
         Power Leap        |       |       |     9 |     6 |     1 ||    16
         Sacrifice Purity  |       |       |     1 |       |       ||     1
         Apocalypse        |       |       |     1 |    10 |     3 ||    14
         Sacrifice Experie |       |       |     1 |       |       ||     1
         Sacrifice Words   |       |       |       |     1 |       ||     1
    Use: Scroll            |     5 |     2 |     5 |    10 |     5 ||    27
         Potion            |       |     1 |       |     1 |     6 ||     8
   Stab: Sleeping          |     7 |     8 |     4 |       |       ||    19
         Distracted        |       |     1 |     2 |     5 |     5 ||    13
         Invisible         |       |       |     2 |     8 |     2 ||    12
         Paralysed         |       |       |     1 |    29 |     5 ||    35
         Petrified         |       |       |       |     2 |       ||     2
 Armour: Skin              |    20 |    38 |   117 |   205 |   125 ||   505
  Dodge: Dodged            |    26 |    61 |   230 |   552 |   271 ||  1140
   Form: Flux              |       |       |     1 |       |       ||     1

Table legend: (Time is in decaauts)
 A = Elapsed time spent in this place.
 B = Non-inter-level travel time spent in this place.
 C = Inter-level travel time spent in this place.
 D = Time resting spent in this place.
 E = Time spent auto-exploring this place.
 F = Levels seen in this place.
 G = Mean time per level.
                   A        B        C        D        E       F      G
               +--------+--------+--------+--------+--------+-----+--------+
         Total |  25614 |  24122 |   1492 |   7800 |  11160 |  20 | 1280.7 |
       Dungeon |  18562 |  17369 |   1193 |   5508 |   8235 |  14 | 1325.9 |
          Lair |   6512 |   6214 |    298 |   2095 |   2731 |   5 | 1302.4 |
      Gauntlet |    539 |    539 |      0 |    197 |    194 |   1 |  539.0 |
               +--------+--------+--------+--------+--------+-----+--------+

Top non-repeatable levels by time:
     D:8: 2341 daAuts
     D:6: 1898 daAuts
     D:7: 1887 daAuts
     D:9: 1737 daAuts
     D:2: 1610 daAuts
     D:4: 1550 daAuts
    D:10: 1514 daAuts
  Lair:1: 1454 daAuts
  Lair:2: 1419 daAuts
  Lair:3: 1300 daAuts
  Lair:4: 1219 daAuts
    D:13: 1203 daAuts
  Lair:5: 1118 daAuts
     D:3: 1103 daAuts
    D:12: 1024 daAuts
